 Dungeon Crawl Stone Soup version 0.30-a0-959-g3818848631 (webtiles) character file.

Game seed: 4615135851011078883

68851 Jossarian the Thaumaturge (level 14, -3/102 HPs)
             Began as a Demigod Conjurer on Mar 28, 2023.
             Slain by a skeletal warrior
             ... wielding a +0 scimitar
              (23 damage)
             ... on level 13 of the Dungeon on Mar 30, 2023.
             The game lasted 06:52:55 (30625 turns).

Jossarian the Thaumaturge (Demigod Conjurer)       Turns: 30625, Time: 06:52:56

Health: -3/102     AC: 16    Str: 10    XL:     14   Next: 47%
Magic:  21/36      EV: 17    Int: 42    God:
Gold:   826        SH:  0    Dex: 14    Spells: 4/39 levels left

rFire   + . .      SeeInvis .    M - +3 short sword "Atutef Jef" {drain, rElec rPois Str-2}
rCold   + . .      Faith    .    (no shield)
rNeg    . . .      Spirit   .    L - +1 ring mail of Squeaky Lucidity {rElec Str+4 Dex+2}
rPois   +          Reflect  .    D - +1 helmet
rElec   +          Rampage  .    H - scarf {rC+ rF+}
rCorr   .                        E - +2 pair of gloves
Will    +....                    r - +2 pair of boots
Stlth   ++                       A - amulet of magic regeneration
HPRegen 0.37/turn                T - +5 ring of evasion
MPRegen 0.65/turn                S - +6 ring of intelligence

@: no status effects
A: high MP 1, forlorn, divine attributes
a: no special abilities


You were on level 13 of the Dungeon.
You visited 3 branches of the dungeon, and saw 19 of its levels.
You also visited: Bailey and Ice Cave.

You collected 1294 gold pieces.
You spent 468 gold pieces at shops.

Inventory:

Hand Weapons
 G - the +6 spear of the Original Sin {distort, Str+2 Dex+4}
   (You took it off an orc wizard on level 9 of the Dungeon)

   Str:       It affects your strength (+2).
   Dex:       It affects your dexterity (+4).
 M - the +3 short sword "Atutef Jef" (weapon) {drain, rElec rPois Str-2}
   (You found it on level 9 of the Dungeon)

   Str:       It affects your strength (-2).
   rElec:     It insulates you from electricity.
   rPois:     It protects you from poison.
Missiles
 g - 5 datura-tipped darts
 l - 15 boomerangs
 m - 6 javelins
 q - 21 poisoned darts
 t - 2 curare-tipped darts (quivered)
 B - 2 throwing nets
 R - 16 silver boomerangs
Armour
 r - a +2 pair of boots (worn)
 D - a +1 helmet (worn)
 E - a +2 pair of gloves (worn)
 H - a scarf of resistance (worn)
 L - the +1 ring mail of Squeaky Lucidity (worn) {rElec Str+4 Dex+2}
   (You found it in a bailey)

   Str:       It affects your strength (+4).
   Dex:       It affects your dexterity (+2).
   rElec:     It insulates you from electricity.
Magical Staves
 F - a staff of death
 V - a staff of poison
Jewellery
 b - an amulet of guardian spirit
 u - a +6 ring of dexterity
 w - a ring of protection from cold
 A - an amulet of magic regeneration (around neck)
 I - the macabre finger necklace {Finger+ rN+}
   (You found it on level 10 of the Dungeon)

   [amulet of nothing]

   Finger+:   It enables you to equip an extra ring.
   rN:        It protects you from negative energy.
 N - a ring of protection from fire
 P - a ring of poison resistance
 S - a +6 ring of intelligence (right hand)
 T - a +5 ring of evasion (left hand)
Wands
 e - a wand of flame (15)
 f - a wand of paralysis (4)
 n - a wand of mindburst (28)
 O - a wand of iceblast (16)
 Z - a wand of polymorph (1)
Scrolls
 a - 2 scrolls of identify
 h - a scroll of fog
 i - 3 scrolls of immolation
 j - 2 scrolls of magic mapping
 p - 3 scrolls of fear
 s - a scroll of brand weapon
 y - 3 scrolls of enchant weapon
 z - 4 scrolls of teleportation
 J - 5 scrolls of poison
 Q - a scroll of butterflies
 U - 2 scrolls of blinking
 W - 3 scrolls of silence
Potions
 c - 5 potions of might
 d - 6 potions of curing
 k - 3 potions of ambrosia
 o - a potion of invisibility
 v - 3 potions of flight
 x - 8 potions of heal wounds
 C - 4 potions of cancellation
 K - 2 potions of berserk rage
 X - 2 potions of resistance
 Y - a potion of lignification


   Skills:
 + Level 3.1 Fighting
 + Level 1.4 Maces & Flails
 + Level 5.2 Throwing
 + Level 7.3 Armour
 + Level 6.0 Dodging
 + Level 5.0 Stealth
 + Level 13.0 Spellcasting
 + Level 11.2 Conjurations
 + Level 6.3 Hexes
 + Level 1.9 Summonings
 + Level 1.0 Fire Magic
 + Level 7.4 Air Magic
 + Level 7.7 Poison Magic
 + Level 1.0 Evocations


You had 4 spell levels left.
You knew the following spells:

 Your Spells              Type           Power      Damage    Failure   Level
a - Magic Dart            Conj           100%       1d8       1%          1
b - Searing Ray           Conj           100%       2d8       1%          2
c - Fulminant Prism       Conj/Hex       39%        3d17      1%          4
d - Summon Guardian Gole  Hex/Summ       58%        N/A       1%          3
e - Mephitic Cloud        Conj/Pois/Air  80%        N/A       1%          3
f - Poisonous Vapours     Pois/Air       100%       N/A       1%          2
g - Dispel Undead         Necr           27%        3d13      24%         4
h - Dazzling Flash        Conj/Hex       100%       N/A       1%          3
i - Confusing Touch       Hex            69%        N/A       1%          3
j - Fireball              Conj/Fire      34%        3d14      5%          5
k - Foxfire               Conj/Fire      100%       2x1d6     1%          1
l - Slow                  Hex            100%       N/A       1%          1
m - Vampiric Draining     Necr           27%        2d7       8%          3

Your spell library contained the following spells:

 Spells                   Type           Power      Damage    Failure   Level
 Kiss of Death            Conj/Necr      100%       2d13      1%          1
 Summon Small Mammal      Summ           100%       N/A       1%          1
 Cigotuvi's Dreadful Rot  Necr/Pois/Air  100%       N/A       1%          2
 Apportation              Tloc           54%        N/A       2%          1
 Necrotise                Necr           100%       1d9       2%          1
 Iskenderun's Mystic Bla  Conj/Tloc      65%        2d13      2%          4
 Call Canine Familiar     Summ           43%        N/A       3%          3
 Anguish                  Hex/Necr       26%        N/A       7%          4
 Starburst                Conj/Fire      34%        6d10      30%         6
 Enfeeble                 Hex            34%        N/A       83%         7


Dungeon Overview and Level Annotations

Branches:
Dungeon (13/15)            Temple (1/1) D:6            Lair (5/5) D:9
  Swamp (0/4) Lair:3        Snake (0/4) Lair:2        Slime (0/5) Lair:4
    Orc (0/2) D:9          Bailey (visited)           IceCv (visited)
 Vaults: D:13-14

Shops:
D:6 [!*   D:9 *


Innate Abilities, Weirdness & Mutations

You have an increased reservoir of magic. (+10% MP)
You shall have no god before yourself.
Your divine heritage dramatically boosts your attributes as you level up.


Message History

The skeletal warrior is heavily damaged. (Press . to maintain the ray.)
The skeletal warrior hits you with a +0 scimitar.
The searing ray misses the skeletal warrior.
The searing ray hits the skeletal warrior but does no damage.
The skeletal warrior is heavily damaged.
The searing ray hits the skeletal warrior.
The skeletal warrior is heavily damaged.
The searing ray hits the skeletal warrior!
The skeletal warrior is lightly damaged.
The skeletal warrior hits you with a +0 scimitar!
The searing ray hits the skeletal warrior.
The skeletal warrior is almost destroyed.
The searing ray hits the skeletal warrior but does no damage.
The skeletal warrior is heavily damaged.
The searing ray hits the skeletal warrior.
The skeletal warrior is heavily damaged.
The searing ray hits the skeletal warrior.
The skeletal warrior is lightly damaged.
The skeletal warrior hits you with a +0 scimitar!
The searing ray hits the skeletal warrior.
The skeletal warrior is almost destroyed.
The searing ray hits the skeletal warrior but does no damage.
The skeletal warrior is heavily damaged.
The searing ray hits the skeletal warrior.
The skeletal warrior is heavily damaged.
The searing ray hits the skeletal warrior.
The skeletal warrior is moderately damaged.
You finish channelling your searing ray.
The skeletal warrior hits you with a +0 scimitar!!
Aiming: Throw Flame
Press: ? - help, Shift-Dir - straight line The puff of flame hits the skeletal warrior but does no damage.
The skeletal warrior is almost destroyed.
The skeletal warrior hits you with a +0 scimitar!
* * * LOW HITPOINT WARNING * * *
Your magical contamination has completely faded away.
The skeletal warrior attacks as you move away!
The skeletal warrior hits you with a +0 scimitar!!
You die...

###############..
#...z.z.z....z...
#z############.!.
#.# .. #z# . #z#
#.# ###z#####
#.@.....#
#.#####.# #.# #.#
#.# #.# ###.# #.#
#...#####.####
#.#..........+
#.###.....####
#.# #.#..##


You could see 4 skeletal warriors.

Vanquished Creatures
  Fannar (Lair:2)
  5 hydras
  Erolcha (D:11)
  4 catoblepae
  4 two-headed ogres
  A boulder beetle (D:12)
  A tengu warrior (D:9)
  A vampire mage (Lair:4)
  13 death yaks
  Nergalle (Lair:3)
  Amaemon (D:8)
  2 skysharks
  2 skeletal warriors
  Pikel (D:3)
  A deep elf pyromancer (D:12)
  A deep elf zephyrmancer (Bailey)
  4 oklob plants (Lair:4)
  An orc knight (Bailey)
  2 ugly things
  5 manticores
  3 black mambas
  A torpor snail (Lair:3)
  An orange demon (D:8)
  2 gargoyles
  An efreet (D:9)
  3 rime drakes
  10 cane toads
  8 komodo dragons
  A troll (D:10)
  3 polar bears
  2 hornets (D:9)
  20 blink frogs
  10 dream sheep
  3 slime creatures (D:12)
  2 shadows (D:9)
  7 wyverns
  A wraith (D:12)
  2 vampires
  92 yaks
  4 basilisks
  A human (Lair:4)
  A golden eye (shapeshifter) (D:9)
  3 steam dragons
  2 vampire mosquitoes (D:12)
  3 acid dragons
  6 orc warriors
  5 water moccasins
  An ice beast (D:6)
  6 sky beasts
  The ghost of crimetime2 the Ruffian, an amateur TrGl (D:4)
  An ogre (D:7)
  10 wolves
  4 centaurs
  5 phantoms
  4 lemures
  4 kobold brigands
  11 bullfrogs
  2 gnoll sergeants
  4 scorpions
  15 killer bees (D:9)
  4 troll zombies (D:9)
  An electric eel (D:7)
  5 howler monkeys
  2 quasits (D:4)
  4 hounds
  5 jellies
  2 orc priests
  3 sleepcaps
  2 iguanas
  5 orc wizards
  4 ogre zombies (D:9)
  14 gnolls
  9 adders
  A shadow imp (D:6)
  2 ufetubi
  A worm (D:3)
  4 dart slugs
  36 orcs
  7 ball pythons
  5 endoplasms
  A giant cockroach (D:1)
  2 goblins (D:2)
  4 hobgoblins
  6 jackals
  6 quokkas
  6 bats
  2 frilled lizards
  A goblin skeleton (D:9)
  A hobgoblin skeleton (D:9)
  A hobgoblin zombie (D:9)
  17 kobolds
  2 orc skeletons (D:9)
  18 orc zombies (D:9)
  5 rats
  14 fulminant prisms
519 creatures vanquished.

Vanquished Creatures (others)
  2 slime creatures (D:12)
  A bullfrog (D:9)
  An orc priest (D:3)
  An orc wizard (D:3)
  An orc (D:3)
  2 orc zombies (D:9)
  2 foxfires (D:12)
  280 fulminant prisms
  44 fungi
  63 plants
397 creatures vanquished.

Grand Total: 916 creatures vanquished

Notes
Turn   | Place    | Note
-------+----------+-------------------------------------------
     0 | D:1      | Jossarian the Demigod Conjurer began the quest for the Orb.
     0 | D:1      | Reached XP level 1. HP: 14/14 MP: 5/5
   316 | D:1      | Reached XP level 2. HP: 20/20 MP: 4/7
   347 | D:1      | Learned a level 2 spell: Searing Ray
   380 | D:1      | Reached skill level 2 in Spellcasting
  1297 | D:2      | Reached XP level 3. HP: 26/26 MP: 5/8
  2657 | D:3      | Reached XP level 4. HP: 33/33 MP: 5/10
  3681 | D:4      | Reached skill level 1 in Armour
  3681 | D:4      | Reached skill level 3 in Spellcasting
  3851 | D:3      | Reached XP level 5. HP: 17/38 MP: 3/12
  4053 | D:4      | Noticed Pikel
  5032 | D:4      | Found a transporter.
  5050 | D:4      | Reached skill level 1 in Fighting
  5132 | D:4      | Found a transporter.
  5138 | D:4      | Noticed crimetime2's ghost (amateur TrGl)
  5381 | D:4      | Reached XP level 6. HP: 47/47 MP: 2/13
  5464 | D:4      | Learned a level 4 spell: Fulminant Prism
  5599 | D:4      | Noticed a steam dragon
  5609 | D:4      | Killed a steam dragon
  5610 | D:4      | Reached skill level 5 in Conjurations
  6230 | D:3      | Killed Pikel
  6231 | D:3      | Reached skill level 4 in Spellcasting
  6231 | D:3      | Reached XP level 7. HP: 36/55 MP: 7/16
  6423 | D:4      | Killed crimetime2's ghost
  6552 | D:5      | Entered Level 5 of the Dungeon
  6853 | D:5      | Reached XP level 8. HP: 61/61 MP: 8/18
  6960 | D:5      | Reached skill level 1 in Maces & Flails
  7243 | D:5      | Reached skill level 5 in Spellcasting
  7645 | D:6      | Found Uneuraf's Distillery.
  7648 | D:6      | Bought a potion of heal wounds for 60 gold pieces
  7648 | D:6      | Bought a potion of heal wounds for 60 gold pieces
  7648 | D:6      | Bought a potion of heal wounds for 60 gold pieces
  7648 | D:6      | Bought a potion of curing for 36 gold pieces
  7732 | D:6      | Found a staircase to the Ecumenical Temple.
  7789 | D:6      | Found Raor's Armour Boutique.
  7857 | Temple   | Entered the Ecumenical Temple
  8132 | D:6      | Found Gicofir's General Store.
  8350 | D:6      | Reached XP level 9. HP: 67/67 MP: 16/21
  8362 | D:6      | Learned a level 3 spell: Summon Guardian Golem
  9518 | D:7      | Reached skill level 6 in Spellcasting
  9617 | D:7      | Learned a level 3 spell: Mephitic Cloud
  9620 | D:7      | Learned a level 2 spell: Poisonous Vapours
  9750 | D:7      | Reached skill level 5 in Throwing
  9750 | D:7      | Reached skill level 5 in Armour
  9750 | D:7      | Reached skill level 7 in Spellcasting
  9750 | D:7      | Reached XP level 10. HP: 73/73 MP: 21/25
 10225 | D:8      | Reached skill level 5 in Stealth
 10433 | D:8      | Reached skill level 8 in Spellcasting
 10472 | D:8      | Noticed a two-headed ogre
 10488 | D:7      | Killed a two-headed ogre
 10684 | D:8      | Noticed Amaemon
 10715 | D:8      | Killed Amaemon
 11045 | D:8      | Reached skill level 1 in Air Magic
 11070 | D:8      | Reached skill level 1 in Poison Magic
 11473 | D:9      | Found a flagged portal.
 11482 | Bailey   | Entered a bailey
 11505 | Bailey   | Reached XP level 11. HP: 80/80 MP: 23/27
 11669 | Bailey   | Noticed an orc knight
 11687 | Bailey   | Killed an orc knight
 11772 | Bailey   | Found a large runed translucent door.
 11772 | Bailey   | Found a large runed translucent door.
 11772 | Bailey   | Noticed a deep elf zephyrmancer
 11797 | Bailey   | Killed a deep elf zephyrmancer
 11840 | Bailey   | Identified the +1 ring mail of Squeaky Lucidity {rElec
                  | Str+4 Dex+2}
 11940 | D:9      | Identified the +3 short sword "Atutef Jef" {drain, rElec
                  | rPois Str-2}
 12065 | D:9      | Reached skill level 9 in Spellcasting
 12470 | D:9      | Found a staircase to the Lair.
 12474 | D:9      | Found Iqij's Assorted Antiques.
 12482 | D:9      | Bought a knobbly golden ring for 105 gold pieces
 12482 | D:9      | Bought a shiny glass wand for 84 gold pieces
 12482 | D:9      | Bought a scroll of identify for 42 gold pieces
 12482 | D:9      | Bought a scroll labelled LAUDES CUSSIOT for 21 gold pieces
 12513 | D:9      | Found a staircase to the Orcish Mines.
 12692 | D:9      | Identified the +6 spear of the Original Sin {distort, Str+2
                  | Dex+4}
 13082 | D:9      | Noticed a tengu warrior
 13082 | D:9      | Noticed a skeletal warrior
 13137 | D:9      | Killed a tengu warrior
 13389 | D:9      | Killed a skeletal warrior
 14207 | D:9      | Noticed a two-headed ogre
 14229 | D:9      | Killed a two-headed ogre
 14279 | D:9      | Reached skill level 5 in Dodging
 14663 | Lair:1   | Entered Level 1 of the Lair of Beasts
 15021 | Lair:1   | Reached XP level 12. HP: 88/88 MP: 20/30
 15146 | Lair:1   | Learned a level 4 spell: Dispel Undead
 15425 | Lair:1   | Reached skill level 10 in Spellcasting
 16083 | Lair:2   | Reached skill level 5 in Air Magic
 16267 | Lair:2   | Noticed Fannar
 16345 | Lair:2   | Killed Fannar
 16974 | Lair:2   | Reached skill level 5 in Hexes
 17138 | Lair:2   | Found a staircase to the Snake Pit.
 17303 | Lair:2   | Upgraded the game from 0.30-a0-950-gbf40cfac39 to
                  | 0.30-a0-954-gcf5f444c16
 17461 | Lair:3   | Found a staircase to the Swamp.
 17502 | Lair:3   | Reached skill level 5 in Poison Magic
 17577 | Lair:3   | Reached skill level 1 in Summonings
 17599 | Lair:3   | Reached skill level 10 in Conjurations
 18615 | Lair:3   | Noticed Nergalle
 18637 | Lair:3   | Reached skill level 11 in Spellcasting
 18645 | Lair:3   | Killed Nergalle
 19110 | Lair:3   | Reached XP level 13. HP: 38/93 MP: 27/32
 19277 | Lair:3   | Learned a level 3 spell: Dazzling Flash
 20578 | Lair:4   | Found a staircase to the Slime Pits.
 21502 | Lair:4   | Upgraded the game from 0.30-a0-954-gcf5f444c16 to
                  | 0.30-a0-959-g3818848631
 21550 | Lair:4   | Found a runed translucent door.
 21685 | Lair:4   | Identified the +1 plate armour of Hairiness {Will+ Int+4}
 22012 | Lair:5   | Entered Level 5 of the Lair of Beasts
 22507 | Lair:5   | Found a frozen archway.
 22519 | IceCv    | Entered an ice cave
 23072 | Lair:5   | Reached skill level 12 in Spellcasting
 24313 | Lair:5   | Reached XP level 14. HP: 81/102 MP: 5/35
 24593 | Lair:5   | Learned a level 3 spell: Confusing Touch
 25642 | Lair:5   | Reached skill level 1 in Evocations
 25851 | Lair:5   | Identified a scroll of acquirement
 25852 | Lair:5   | Acquired a book of Fire
 25860 | Lair:5   | Learned a level 5 spell: Fireball
 25869 | Lair:5   | Learned a level 1 spell: Foxfire
 26453 | D:10     | Entered Level 10 of the Dungeon
 26936 | D:10     | Found the macabre finger necklace {Finger+ rN+}
 27907 | D:11     | Noticed Erolcha
 27946 | D:11     | Killed Erolcha
 28125 | D:11     | Learned a level 1 spell: Slow
 28129 | D:11     | Learned a level 3 spell: Vampiric Draining
 29498 | D:12     | Reached skill level 1 in Fire Magic
 30167 | D:12     | Reached skill level 13 in Spellcasting
 30211 | D:12     | Identified the +1 robe of the Gusle {Str+4}
 30625 | D:13     | Slain by a skeletal warrior

Illustrated notes

Levels and vault maps discovered:
D:1:      kilobyte_arrival_exit_the_forest, layout_rooms
D:2:      layout_loops_ring, nicolae_kite_square_tiling_tiny
D:3:      layout_basic, lemuel_flame_loot_1
D:4:      layout_loops_ring, gammafunk_ghost_stat_death, uniq_pikel
D:5:      layout_rooms
D:6:      layout_basic, lemuel_round_altar, minmay_temple_entry_glass,
          serial_shops, nicolae_shop_window_shopping, nicolae_shop_statue_plus,
          kennysheep_mini_moat
D:7:      layout_loops_ring, nicolae_qazlal_style_of_elements,
          mainiacjoe_overflow_alcove_1, grunt_temple_overflow_open,
          kennysheep_small_spiral
D:8:      layout_basic, uniq_amaemon
D:9:      layout_roguey, lair_entry_dummy, zombieorc2_lemuel, serial_shops,
          nicolae_shop_behind_doors, enter_bailey_8, minmay_the_grid_2x2
          [minmay_the_grid_mess, minmay_the_grid_odd_star,
          minmay_the_grid_minigrid_small, minmay_the_grid_prize_big_room]
D:10:     layout_long_grid, amcnicky_altar_gilded, dreamdust_mushroom_princess,
          chequers_serial_rivers_large_b
D:11:     layout_basic, kennysheep_path_1, uniq_erolcha
D:12:     layout_gridville, minmay_unpleasant_kobolds
D:13:     layout_loops_corners, lightli_vaults_fourway_checkpoint
Temple:   nicolae_temple_elliptical
Lair:1:   layout_cave_pods
Lair:2:   layout_cave_pods, dummy_snake_entry, basic_altar,
          gauntlet_entry_generic, uniq_fannar
Lair:3:   layout_chaotic_city, swamp_mist, uniq_nergalle
Lair:4:   minmay_lair_oklob_tunnel, layout_regular_city, slime_entry_1,
          pdpol_lair_cabin_in_the_woods, grunt_megastairs_5
Lair:5:   evilmike_catoblepas_cave, layout_gridlike,
          portal_ice_cave_entry_pillars_2, grunt_megastairs_3, lemuel_fruit_tree

Skill      XL: |  1  2  3  4  5  6  7  8  9 10 11 12 13 14 |
---------------+-------------------------------------------+-----
Conjurations   | 4 5 7 8 9 10 11 | 11.2
Spellcasting   | 2 3 4 5 7 8 9 11 12 13 | 13.0
Stealth        | 2 3 4 5 |  5.0
Armour         | 1 2 3 4 5 6 7 |  7.3
Dodging        | 2 4 5 6 |  6.0
Fighting       | 1 2 3 |  3.1
Throwing       | 2 3 5 |  5.2
Maces & Flails | 1 |  1.4
Hexes          | 3 4 5 6 |  6.3
Air Magic      | 1 4 5 7 |  7.4
Poison Magic   | 1 3 5 7 |  7.7
Summonings     | 1 |  1.9
Evocations     | 1 |  1.0
Fire Magic     | 1 |  1.0

Action                     |  1- 3 |  4- 6 |  7- 9 | 10-12 | 13-15 || total
---------------------------+-------+-------+-------+-------+-------++-------
  Melee: Dagger            |       |     7 |       |       |       ||     7
         Flail             |       |       |     7 |       |       ||     7
         Short sword       |       |       |       |    24 |    18 ||    42
         Punch             |       |       |       |     1 |     1 ||     2
  Throw: Boomerang         |       |     3 |       |       |       ||     3
         Javelin           |       |     2 |       |       |       ||     2
         Dart              |       |    11 |    11 |     6 |       ||    28
         Stone             |       |     1 |       |     1 |       ||     2
   Cast: Magic Dart        |    63 |    40 |    52 |    49 |    13 ||   217
         Searing Ray       |    10 |    36 |    56 |   124 |   133 ||   359
         Fulminant Prism   |       |       |     3 |   128 |   165 ||   296
         Poisonous Vapours |       |       |       |   168 |   159 ||   327
         Mephitic Cloud    |       |       |       |    77 |   109 ||   186
         Summon Guardian G |       |       |       |    13 |    16 ||    29
         Dazzling Flash    |       |       |       |       |     2 ||     2
         Fireball          |       |       |       |       |    15 ||    15
         Slow              |       |       |       |       |    11 ||    11
         Confusing Touch   |       |       |       |       |     9 ||     9
         Foxfire           |       |       |       |       |     1 ||     1
  Evoke: Wand              |       |     3 |       |       |     4 ||     7
    Use: Scroll            |    10 |     7 |     6 |     9 |    15 ||    47
         Potion            |       |     1 |     1 |     1 |     6 ||     9
   Stab: Confused          |       |       |       |     1 |       ||     1
 Armour: Robe              |     1 |       |       |       |       ||     1
         Leather armour    |     1 |    20 |    46 |    12 |       ||    79
         Ring mail         |       |       |       |    74 |   109 ||   183
  Dodge: Dodged            |     1 |    29 |    65 |   186 |   217 ||   498

Table legend: (Time is in decaauts)
 A = Elapsed time spent in this place.
 B = Non-inter-level travel time spent in this place.
 C = Inter-level travel time spent in this place.
 D = Time resting spent in this place.
 E = Time spent auto-exploring this place.
 F = Levels seen in this place.
 G = Mean time per level.
                   A        B        C        D        E       F      G
               +--------+--------+--------+--------+--------+-----+--------+
         Total |  30678 |  16126 |  14552 |   9655 |      0 |  21 | 1460.9 |
       Dungeon |  18262 |   8975 |   9287 |   5540 |      0 |  13 | 1404.8 |
        Temple |    203 |      9 |    194 |      0 |      0 |   1 |  203.0 |
          Lair |  11735 |   6664 |   5071 |   4049 |      0 |   5 | 2347.0 |
        Bailey |    427 |    427 |      0 |     62 |      0 |   1 |  427.0 |
      Ice Cave |     49 |     49 |      0 |      3 |      0 |   1 |   49.0 |
               +--------+--------+--------+--------+--------+-----+--------+

Top non-repeatable levels by time:
  Lair:4: 3157 daAuts
     D:9: 2969 daAuts
     D:3: 2892 daAuts
  Lair:5: 2875 daAuts
  Lair:3: 2377 daAuts
  Lair:2: 1931 daAuts
     D:4: 1578 daAuts
  Lair:1: 1393 daAuts
    D:12: 1352 daAuts
     D:7: 1295 daAuts
    D:10: 1277 daAuts
    D:11: 1272 daAuts
     D:1: 1182 daAuts
     D:6: 1172 daAuts
     D:5: 1119 daAuts
